Map: Neon Violet Square LE

Players

Indy

  • Race: Protoss Protoss
  • League: Master
  • Spawn Location: 5:00

Elazer - Winner!

  • Race: Zerg Zerg
  • League: Master
  • Spawn Location: 11:00

VOD

Have the link to the VOD?

Description

Time

  • Played on: Nov. 16, 2017, 1:27 p.m.
  • Length: 3:24
Show
View Real Time Build Order
Export as new Build Order

Indy Protoss 

Build Orders: 1 Gate Expand 

Get SALT Encoding   

  12  0:00  Probe  
  13  0:13  Probe  
  14  0:24  Pylon  
  14  0:25  Probe  
  16  0:43  Probe (Chrono Boost)  
  17  0:50  Gateway  
  17  0:51  Probe (Chrono Boost)  
  17  0:54  Assimilator  
  18  0:57  Probe  
  18  1:09  Probe  
  19  1:22  Nexus  
  20  1:25  Probe  
  20  1:35  Pylon  
  20  1:37  Cybernetics Core  
  20  1:38  Zealot (Chrono Boost)  
  22  1:44  Pylon  
  22  1:46  Probe  
  23  1:55  Zealot (Chrono Boost), Pylon  
  23  2:01  Probe  
  26  2:06  Pylon  
  26  2:13  Shield Battery  
  27  2:25  Probe  
  24  2:49  Probe  
  9  3:01  Probe (Chrono Boost)  
  3  3:13  Probe (Chrono Boost)  
Show
View Real Time Build Order
Export as new Build Order

Elazer Zerg - Winner!

Build Orders: Pool Only 

Get SALT Encoding   

  12  0:18  Spawning Pool  
  11  0:23  Drone  
  11  0:27  Drone  
  13  0:31  Drone  
  14  0:43  Overlord  
  14  1:05  Zergling x4  
  14  1:06  Zergling x2  
  17  1:17  Zergling x2  
  18  1:31  Zergling x2  
  19  1:39  Zergling x2  
  20  1:49  Zergling x2  
  21  2:01  Zergling x2  
  20  2:30  Zergling x4  
  20  2:34  Overlord  
  21  2:58  Zergling x4  
Tags
 
Add a new tag
Caveats
  • Supply blocks, unpowered buildings, or Contaminate may cause inaccurate times.
  • Supply counts are checked every 10 seconds.